 Dungeon Crawl Stone Soup version 0.21-a0-591-g2314aa1 (webtiles) character file.

22144 mopl the Basher (level 12, -4/97 HPs)
             Began as a Gnoll Berserker on Dec 22, 2017.
             Was a High Priest of Trog.
             Slain by a spiny frog (16 damage)
             ... on level 2 of the Lair of Beasts.
             The game lasted 00:27:55 (11258 turns).

mopl the Basher (Gnoll Berserker)                  Turns: 11258, Time: 00:27:55

Health: -4/97      AC: 17    Str: 21    XL:     12   Next: 97%
Magic:  23/23      EV: 14    Int:  9    God:    Trog [*****.]
Gold:   278        SH:  0    Dex: 21    Spells: 26/26 levels left

rFire    + . .     SeeInvis .   K - +6 great sword "Arihaun" {freeze, *Noise rPois rF+}
rCold    + . .     Gourm    .   (shield currently unavailable)
rNeg     . . .     Faith    +   T - +2 chain mail {rC+}
rPois    +         Spirit   .   Z - +0 helmet
rElec    .         Reflect  .   v - +0 cloak
rCorr    .         Harm     .   e - +0 pair of gloves
MR       .....                  (no boots)
Stlth    +.........             X - amulet of faith {!P}
HPRegen  0.26/turn              F - +2 ring of dexterity
MPRegen  0.18/turn              (no ring)

@: no status effects
A: distributed training, fangs 1, strong nose
a: Berserk, Trog's Hand, Brothers in Arms, Burn Spellbooks, Renounce Religion


You were on level 2 of the Lair of Beasts.
You worshipped Trog.
Trog was extremely pleased with you.
You were not hungry.

You visited 2 branches of the dungeon, and saw 13 of its levels.

You collected 780 gold pieces.
You spent 502 gold pieces at shops.

Inventory:

Hand Weapons
 a - a +0 trident of venom
 d - a +4 blowgun
 w - a +2 vampiric spear
 C - a +0 shortbow
 K - the +6 great sword "Arihaun" (weapon) {freeze, *Noise rPois rF+}
   (Trog gifted it to you on level 11 of the Dungeon)

   It has been specially enchanted to freeze those struck by it, causing extra
   injury to most foes and up to half again as much damage against particularly
   susceptible opponents.
   It can also slow down cold-blooded creatures.
   It protects you from fire.
   It protects you from poison.
   It may make noises in combat.
Missiles
 b - 204 arrows
 g - 37 sling bullets
 h - 59 stones
 r - 17 tomahawks (quivered)
 N - 4 throwing nets
Armour
 e - a +0 pair of gloves (worn)
 v - a +0 cloak (worn)
 T - a +2 chain mail of cold resistance (worn)
 Z - a +0 helmet (worn)
Jewellery
 q - an uncursed ring of ice
 F - a +2 ring of dexterity (left hand)
 X - an amulet of faith (around neck) {!P}
Wands
 m - a wand of digging (11)
 o - a wand of iceblast (14)
 s - a wand of clouds (5)
 D - a wand of acid (10)
 M - a wand of scattershot (4)
 S - a wand of flame (32)
Scrolls
 l - a scroll of noise {unknown}
 n - 6 scrolls of teleportation
 y - a scroll of acquirement {unknown}
 A - 9 scrolls of remove curse
 I - 3 scrolls of enchant armour {unknown}
 L - 2 scrolls of fear
 O - a scroll of brand weapon {unknown}
 R - 2 scrolls of blinking
 V - 3 scrolls of fog
 W - 2 scrolls of vulnerability
 Y - a scroll of magic mapping
Potions
 f - 4 potions of might
 i - 4 potions of curing
 k - 3 potions of cancellation
 z - 2 potions of agility
 G - a potion of berserk rage {!q}
 H - 4 potions of lignification {!q}
 J - 3 potions of haste
 P - 2 potions of heal wounds
Books
 Q - a book of Clouds

   Spells                             Type                      Level
   a - Poisonous Vapours              Poison/Air                   2
   b - Mephitic Cloud                 Conjuration/Poison/Air       3
   c - Conjure Flame                  Conjuration/Fire             3
   d - Freezing Cloud                 Conjuration/Ice/Air          6
   e - Ring of Flames                 Charms/Fire                  7
   Trog disapproves of the use of such an item.
Miscellaneous
 x - a phial of floods
 B - a sack of spiders
Comestibles
 c - 36 rations


   Skills:
 + Level 10.1 Fighting
 + Level 7.6 Short Blades
 + Level 7.6 Long Blades
 + Level 7.6 Axes
 + Level 10.1 Maces & Flails
 + Level 7.6 Polearms
 + Level 7.6 Staves
 + Level 7.6 Slings
 + Level 7.6 Bows
 + Level 7.6 Crossbows
 + Level 7.6 Throwing
 + Level 9.0 Armour
 + Level 9.0 Dodging
 + Level 7.6 Stealth
 + Level 7.6 Shields
 + Level 7.6 Unarmed Combat
 + Level 7.6 Spellcasting
 + Level 6.3 Conjurations
 + Level 6.3 Hexes
 + Level 6.3 Charms
 + Level 6.3 Summonings
 + Level 6.3 Necromancy
 + Level 6.3 Translocations
 + Level 6.3 Transmutations
 + Level 6.3 Fire Magic
 + Level 6.3 Ice Magic
 + Level 6.3 Air Magic
 + Level 6.3 Earth Magic
 + Level 6.3 Poison Magic
 + Level 8.4 Invocations
 + Level 7.6 Evocations


You had 26 spell levels left.
You didn't know any spells.

Dungeon Overview and Level Annotations

Branches:
Dungeon (11/15)            Temple (0/1) D:4            Lair (2/6) D:8
    Orc (0/2) D:11
  Swamp: Lair:2-4    Shoals: Lair:2-4     Snake: Lair:2-4    Spider: Lair:2-4

Altars:
Ashenzari
Dithmenos
Fedhas
Gozag
Kikubaaqudgha
Makhleb
Qazlal
Ru
Uskayaw
Vehumet
Xom
Yredelemnul
The Shining One

Shops:
D:9 ?*   D:10 *[[

Annotations:
D:10 exclusion: ice statue


Innate Abilities, Weirdness & Mutations

Your experience applies equally to all skills.
You have very sharp teeth.
Your uncanny sense of smell can sniff out nearby items.


Message History

Your +0 trident of venom stops dripping with poison.
The +6 great sword "Arihaun" {freeze, *Noise rPois rF+} glows with a cold blue light!
K - the +6 great sword "Arihaun" (weapon)
{freeze, *Noise rPois rF+} You feel yourself speed up.
You feel sick. The spiny frog stings you!!
* * * LOW HITPOINT WARNING * * *
You feel better. The spiny frog stings you!
* * * LOW HITPOINT WARNING * * *
You are poisoned.
The spiny frog poisons you!
Unknown command.
You hit the spiny frog.
The spiny frog seems to slow down.
You freeze the spiny frog.
You bite the spiny frog, but do no damage.
The spiny frog is heavily wounded.
* * * LOW HITPOINT WARNING * * *
You feel sick. The spiny frog stings you.
* * * LOW HITPOINT WARNING * * *
You feel better. The spiny frog stings you!
You die...

... ......#...... ..
...## ......#....#..P..#
..... ... ......#.+#..P
.....###.###P...........
.....#.#.#.#P...........
........................
........................
..............($.F......
................@.......
#....................#.#
#......#.#.##....#.....#
....#.#####.#....#.#..##
...##... ##......# (#
...##..... #....... +
#..P#.........>..#..
...##......##.....##
#....#..####


You could see a spiny frog.

Vanquished Creatures
  The ghost of Feta the Geomancer, a journeyman FoEE of the Shining One (D:11)
  Snorg (D:11)
  Fannar (D:10)
  6 two-headed ogres
  Sonja (Lair:2)
  Nergalle (D:10)
  An ugly thing (D:11)
  Pikel (D:5)
  A deep elf mage (D:11)
  A cyclops (D:11)
  Joseph (D:10)
  A merfolk siren (Lair:2)
  3 centaur zombies
  Psyche (D:10)
  A rime drake (Lair:1)
  2 komodo dragons (Lair:1)
  7 ice devils (D:10)
  The ghost of Moebius the Poker, an amateur HOMo of Beogh (D:4)
  A troll (D:9)
  A hornet (D:10)
  2 hippogriffs
  A shadow (D:11)
  2 wraiths (D:11)
  5 yaks (Lair:1)
  3 wyverns
  Eustachio (D:5)
  A basilisk (Lair:2)
  A soldier ant (D:8)
  Menkaure (D:5)
  5 water moccasins
  A porcupine (Lair:1)
  2 orc warriors
  7 ice beasts
  A sky beast (D:8)
  A slave (D:5)
  A black bear (D:7)
  4 ogres
  6 centaurs
  4 crocodiles
  6 big kobolds
  7 bullfrogs
  A gnoll sergeant (D:10)
  7 scorpions
  15 killer bees
  3 howler monkeys
  3 electric eels (D:8)
  A lava snake (D:11)
  4 crimson imps
  Crazy Yiuf (D:2)
  5 hounds
  A quasit (D:10)
  2 orc priests
  3 bullfrog skeletons
  10 orc wizards
  Ijyb (D:4)
  2 iguanas (D:5)
  6 worker ants
  3 hound skeletons
  12 gnolls
  A howler monkey skeleton (D:9)
  12 adders
  2 shadow imps
  5 ufetubi (D:10)
  2 oozes
  An adder skeleton (D:4)
  2 adder zombies
  2 worms
  2 dart slugs
  5 leopard geckos
  33 orcs
  8 bats
  5 giant cockroaches
  5 goblins
  7 hobgoblins
  14 jackals
  47 kobolds
  4 quokkas
  4 frilled lizards
  A quokka skeleton (D:4)
  A quokka zombie (D:6)
  2 rats
  3 rat zombies (D:6)
  2 fungi (D:2)
346 creatures vanquished.

Vanquished Creatures (others)
  An adder zombie (D:5)
  2 plants (D:8)
3 creatures vanquished.

Grand Total: 349 creatures vanquished

Notes
Turn   | Place    | Note
-------+----------+-------------------------------------------
     0 | D:1      | mopl the Gnoll Berserker began the quest for the Orb.
     0 | D:1      | Reached XP level 1. HP: 23/23 MP: 1/1
   316 | D:1      | Reached XP level 2. HP: 19/29 MP: 2/2
   664 | D:2      | Found an opulent altar of Gozag.
   869 | D:2      | Noticed an ice beast
   883 | D:2      | Killed an ice beast
   883 | D:2      | Reached skill level 1 in Short Blades
   883 | D:2      | Reached skill level 1 in Long Blades
   883 | D:2      | Reached skill level 1 in Axes
   883 | D:2      | Reached skill level 1 in Polearms
   883 | D:2      | Reached skill level 1 in Staves
   883 | D:2      | Reached skill level 1 in Slings
   883 | D:2      | Reached skill level 1 in Bows
   883 | D:2      | Reached skill level 1 in Crossbows
   883 | D:2      | Reached skill level 1 in Throwing
   883 | D:2      | Reached skill level 1 in Stealth
   883 | D:2      | Reached skill level 1 in Shields
   883 | D:2      | Reached skill level 1 in Unarmed Combat
   883 | D:2      | Reached skill level 1 in Spellcasting
   883 | D:2      | Reached skill level 1 in Conjurations
   883 | D:2      | Reached skill level 1 in Hexes
   883 | D:2      | Reached skill level 1 in Charms
   883 | D:2      | Reached skill level 1 in Summonings
   883 | D:2      | Reached skill level 1 in Necromancy
   883 | D:2      | Reached skill level 1 in Translocations
   883 | D:2      | Reached skill level 1 in Transmutations
   883 | D:2      | Reached skill level 1 in Fire Magic
   883 | D:2      | Reached skill level 1 in Ice Magic
   883 | D:2      | Reached skill level 1 in Air Magic
   883 | D:2      | Reached skill level 1 in Earth Magic
   883 | D:2      | Reached skill level 1 in Poison Magic
   883 | D:2      | Reached skill level 1 in Invocations
   883 | D:2      | Reached skill level 1 in Evocations
   883 | D:2      | Reached XP level 3. HP: 35/35 MP: 2/4
   883 | D:2      | Reached XP level 4. HP: 41/41 MP: 2/5
  1147 | D:2      | Reached XP level 5. HP: 44/47 MP: 6/6
  1209 | D:2      | Found a blossoming altar of Fedhas.
  1423 | D:2      | Found a runed door.
  1427 | D:2      | Noticed Crazy Yiuf
  1432 | D:2      | Killed Crazy Yiuf
  2049 | D:3      | Reached XP level 6. HP: 45/53 MP: 8/8
  2058 | D:3      | Reached skill level 2 in Invocations
  2062 | D:3      | Reached ** piety under Trog
  2297 | D:3      | Found a shadowy altar of Dithmenos.
  2459 | D:4      | Found a hide-covered altar of Uskayaw.
  2464 | D:4      | Reached skill level 2 in Short Blades
  2464 | D:4      | Reached skill level 2 in Long Blades
  2464 | D:4      | Reached skill level 2 in Axes
  2464 | D:4      | Reached skill level 2 in Polearms
  2464 | D:4      | Reached skill level 2 in Staves
  2464 | D:4      | Reached skill level 2 in Slings
  2464 | D:4      | Reached skill level 2 in Bows
  2464 | D:4      | Reached skill level 2 in Crossbows
  2464 | D:4      | Reached skill level 2 in Throwing
  2464 | D:4      | Reached skill level 5 in Armour
  2464 | D:4      | Reached skill level 5 in Dodging
  2464 | D:4      | Reached skill level 2 in Stealth
  2464 | D:4      | Reached skill level 2 in Shields
  2464 | D:4      | Reached skill level 2 in Unarmed Combat
  2464 | D:4      | Reached skill level 2 in Spellcasting
  2464 | D:4      | Reached skill level 2 in Evocations
  2526 | D:4      | Reached XP level 7. HP: 32/59 MP: 10/10
  2536 | D:4      | HP: 2/59 [centaur/arrow (13)]
  2547 | D:4      | Reached skill level 7 in Fighting
  2547 | D:4      | Reached skill level 7 in Maces & Flails
  2548 | D:4      | Reached skill level 2 in Conjurations
  2548 | D:4      | Reached skill level 2 in Hexes
  2548 | D:4      | Reached skill level 2 in Charms
  2548 | D:4      | Reached skill level 2 in Summonings
  2548 | D:4      | Reached skill level 2 in Necromancy
  2548 | D:4      | Reached skill level 2 in Translocations
  2548 | D:4      | Reached skill level 2 in Transmutations
  2548 | D:4      | Reached skill level 2 in Fire Magic
  2548 | D:4      | Reached skill level 2 in Ice Magic
  2548 | D:4      | Reached skill level 2 in Air Magic
  2548 | D:4      | Reached skill level 2 in Earth Magic
  2548 | D:4      | Reached skill level 2 in Poison Magic
  2592 | D:4      | Noticed Ijyb
  2612 | D:4      | Killed Ijyb
  2714 | D:4      | Reached skill level 3 in Invocations
  2741 | D:4      | Noticed Moebius's ghost (amateur HOMo)
  2745 | D:4      | Reached *** piety under Trog
  2754 | D:4      | Killed Moebius's ghost
  2754 | D:4      | Reached skill level 3 in Short Blades
  2754 | D:4      | Reached skill level 3 in Long Blades
  2754 | D:4      | Reached skill level 3 in Axes
  2754 | D:4      | Reached skill level 3 in Polearms
  2754 | D:4      | Reached skill level 3 in Staves
  2754 | D:4      | Reached skill level 3 in Slings
  2754 | D:4      | Reached skill level 3 in Bows
  2754 | D:4      | Reached skill level 3 in Crossbows
  2754 | D:4      | Reached skill level 3 in Throwing
  2754 | D:4      | Reached skill level 3 in Stealth
  2754 | D:4      | Reached skill level 3 in Shields
  2754 | D:4      | Reached skill level 3 in Unarmed Combat
  2754 | D:4      | Reached skill level 3 in Spellcasting
  2754 | D:4      | Reached skill level 3 in Evocations
  2754 | D:4      | Reached XP level 8. HP: 64/67 MP: 12/12
  2778 | D:4      | Found a shimmering altar of Xom.
  2818 | D:4      | Found a burning altar of Makhleb.
  2819 | D:4      | Found a radiant altar of Vehumet.
  2854 | D:4      | Found a staircase to the Ecumenical Temple.
  3063 | D:5      | Entered Level 5 of the Dungeon
  3171 | D:5      | Noticed Menkaure
  3178 | D:5      | Noticed Eustachio
  3180 | D:5      | Killed Menkaure
  3205 | D:5      | Killed Eustachio
  3263 | D:5      | Noticed an air elemental
  3265 | D:5      | Found a stormy altar of Qazlal.
  3280 | D:5      | Noticed Pikel
  3302 | D:5      | Killed Pikel
  3302 | D:5      | Reached skill level 6 in Armour
  3302 | D:5      | Reached skill level 6 in Dodging
  3302 | D:5      | Reached skill level 3 in Conjurations
  3302 | D:5      | Reached skill level 3 in Hexes
  3302 | D:5      | Reached skill level 3 in Charms
  3302 | D:5      | Reached skill level 3 in Summonings
  3302 | D:5      | Reached skill level 3 in Necromancy
  3302 | D:5      | Reached skill level 3 in Translocations
  3302 | D:5      | Reached skill level 3 in Transmutations
  3302 | D:5      | Reached skill level 3 in Fire Magic
  3302 | D:5      | Reached skill level 3 in Ice Magic
  3302 | D:5      | Reached skill level 3 in Air Magic
  3302 | D:5      | Reached skill level 3 in Earth Magic
  3302 | D:5      | Reached skill level 3 in Poison Magic
  3302 | D:5      | Reached skill level 4 in Invocations
  3302 | D:5      | Reached XP level 9. HP: 73/73 MP: 14/14
  3589 | D:5      | Reached **** piety under Trog
  3644 | D:5      | Reached skill level 4 in Short Blades
  3644 | D:5      | Reached skill level 4 in Long Blades
  3644 | D:5      | Reached skill level 4 in Axes
  3644 | D:5      | Reached skill level 4 in Polearms
  3644 | D:5      | Reached skill level 4 in Staves
  3644 | D:5      | Reached skill level 4 in Slings
  3644 | D:5      | Reached skill level 4 in Bows
  3644 | D:5      | Reached skill level 4 in Crossbows
  3644 | D:5      | Reached skill level 4 in Throwing
  3644 | D:5      | Reached skill level 4 in Stealth
  3644 | D:5      | Reached skill level 4 in Shields
  3644 | D:5      | Reached skill level 4 in Unarmed Combat
  3644 | D:5      | Reached skill level 4 in Spellcasting
  3644 | D:5      | Reached skill level 4 in Evocations
  4136 | D:6      | Reached skill level 8 in Fighting
  4136 | D:6      | Reached skill level 8 in Maces & Flails
  4480 | D:6      | Found a basalt altar of Yredelemnul.
  4623 | D:6      | Found an ancient bone altar of Kikubaaqudgha.
  4806 | D:6      | Reached skill level 5 in Invocations
  5241 | D:7      | Reached XP level 10. HP: 80/80 MP: 17/17
  5381 | D:7      | Reached skill level 4 in Conjurations
  5381 | D:7      | Reached skill level 4 in Hexes
  5381 | D:7      | Reached skill level 4 in Charms
  5381 | D:7      | Reached skill level 4 in Summonings
  5381 | D:7      | Reached skill level 4 in Necromancy
  5381 | D:7      | Reached skill level 4 in Translocations
  5381 | D:7      | Reached skill level 4 in Transmutations
  5381 | D:7      | Reached skill level 4 in Fire Magic
  5381 | D:7      | Reached skill level 4 in Ice Magic
  5381 | D:7      | Reached skill level 4 in Air Magic
  5381 | D:7      | Reached skill level 4 in Earth Magic
  5381 | D:7      | Reached skill level 4 in Poison Magic
  5386 | D:7      | Received a gift from Trog
  5391 | D:7      | Reached ***** piety under Trog
  5621 | D:8      | Found a sacrificial altar of Ru.
  5660 | D:8      | Reached skill level 5 in Short Blades
  5660 | D:8      | Reached skill level 5 in Long Blades
  5660 | D:8      | Reached skill level 5 in Axes
  5660 | D:8      | Reached skill level 5 in Polearms
  5660 | D:8      | Reached skill level 5 in Staves
  5660 | D:8      | Reached skill level 5 in Slings
  5660 | D:8      | Reached skill level 5 in Bows
  5660 | D:8      | Reached skill level 5 in Crossbows
  5660 | D:8      | Reached skill level 5 in Throwing
  5660 | D:8      | Reached skill level 5 in Stealth
  5660 | D:8      | Reached skill level 5 in Shields
  5660 | D:8      | Reached skill level 5 in Unarmed Combat
  5660 | D:8      | Reached skill level 5 in Spellcasting
  5660 | D:8      | Reached skill level 5 in Evocations
  5669 | D:8      | Found a staircase to the Lair.
  5715 | D:8      | Found a shattered altar of Ashenzari.
  5736 | D:8      | Noticed a two-headed ogre
  5756 | D:8      | Killed a two-headed ogre
  5756 | D:8      | Reached skill level 7 in Armour
  5756 | D:8      | Reached skill level 7 in Dodging
  5862 | D:8      | Found a transporter.
  5877 | D:8      | Found a transporter.
  6768 | D:8      | Reached skill level 6 in Invocations
  7384 | D:9      | Found Matwom's Magic Scroll Shoppe.
  7421 | D:9      | Bought a scroll of blinking for 112 gold pieces
  7421 | D:9      | Bought a scroll of fog for 30 gold pieces
  7421 | D:9      | Bought a scroll of fear for 52 gold pieces
  7421 | D:9      | Bought a scroll of vulnerability for 112 gold pieces
  7421 | D:9      | Bought a scroll of enchant weapon for 112 gold pieces
  7529 | D:9      | Reached XP level 11. HP: 82/87 MP: 19/19
  7621 | D:9      | Found Qumilyim's Assorted Antiques.
  7630 | D:9      | Bought a scroll labeled BILOEJ JITUOTYGIRCH for 25 gold pieces
  7669 | D:9      | Found a glowing golden altar of the Shining One.
  7860 | Lair:1   | Entered Level 1 of the Lair of Beasts
  7920 | D:10     | Entered Level 10 of the Dungeon
  7945 | D:10     | Paralysed by a hornet for 1 turns
  7985 | D:10     | Received a gift from Trog
  8045 | D:10     | Found Fualyadgh's Antique Armour Shoppe.
  8051 | D:10     | Noticed Nergalle
  8063 | D:10     | Killed Nergalle
  8063 | D:10     | Reached skill level 9 in Fighting
  8063 | D:10     | Reached skill level 6 in Short Blades
  8063 | D:10     | Reached skill level 6 in Long Blades
  8063 | D:10     | Reached skill level 6 in Axes
  8063 | D:10     | Reached skill level 9 in Maces & Flails
  8063 | D:10     | Reached skill level 6 in Polearms
  8063 | D:10     | Reached skill level 6 in Staves
  8063 | D:10     | Reached skill level 6 in Slings
  8063 | D:10     | Reached skill level 6 in Bows
  8063 | D:10     | Reached skill level 6 in Crossbows
  8063 | D:10     | Reached skill level 6 in Throwing
  8063 | D:10     | Reached skill level 6 in Stealth
  8063 | D:10     | Reached skill level 6 in Shields
  8063 | D:10     | Reached skill level 6 in Unarmed Combat
  8063 | D:10     | Reached skill level 6 in Spellcasting
  8063 | D:10     | Reached skill level 5 in Conjurations
  8063 | D:10     | Reached skill level 5 in Hexes
  8063 | D:10     | Reached skill level 5 in Charms
  8063 | D:10     | Reached skill level 5 in Summonings
  8063 | D:10     | Reached skill level 5 in Necromancy
  8063 | D:10     | Reached skill level 5 in Translocations
  8063 | D:10     | Reached skill level 5 in Transmutations
  8063 | D:10     | Reached skill level 5 in Fire Magic
  8063 | D:10     | Reached skill level 5 in Ice Magic
  8063 | D:10     | Reached skill level 5 in Air Magic
  8063 | D:10     | Reached skill level 5 in Earth Magic
  8063 | D:10     | Reached skill level 5 in Poison Magic
  8063 | D:10     | Reached skill level 6 in Evocations
  8169 | D:10     | Found Kiofijo's General Store.
  8204 | D:10     | Bought a scroll of amnesia for 59 gold pieces
  8663 | D:10     | Noticed Psyche
  8682 | D:10     | Killed Psyche
  8682 | D:10     | Reached skill level 7 in Invocations
  8745 | D:10     | Noticed a two-headed ogre
  8758 | D:10     | Killed a two-headed ogre
  8758 | D:10     | Reached skill level 8 in Armour
  8758 | D:10     | Reached skill level 8 in Dodging
  8813 | D:10     | Noticed Fannar
  8835 | D:10     | Killed Fannar
  8895 | D:10     | Noticed Joseph
  8916 | D:10     | Killed Joseph
  8934 | D:10     | Found Bawengup's Antique Armour Shop.
  9205 | D:11     | Noticed a deep elf mage
  9220 | D:11     | Killed a deep elf mage
  9220 | D:11     | Reached XP level 12. HP: 96/96 MP: 22/22
  9304 | D:11     | Noticed Snorg
  9319 | D:11     | Received a gift from Trog
  9329 | D:11     | Killed Snorg
  9342 | D:11     | Got a scorched great sword {god gift}
  9343 | D:11     | Identified the +6 great sword "Arihaun" {freeze, *Noise rPois rF+} (Trog gifted it to you on level 11 of the Dungeon)
  9385 | D:11     | Noticed a two-headed ogre
  9388 | D:11     | Killed a two-headed ogre
  9428 | D:11     | Noticed a two-headed ogre
  9430 | D:11     | Noticed a two-headed ogre
  9439 | D:11     | Killed a two-headed ogre
  9439 | D:11     | Reached skill level 7 in Short Blades
  9439 | D:11     | Reached skill level 7 in Long Blades
  9439 | D:11     | Reached skill level 7 in Axes
  9439 | D:11     | Reached skill level 7 in Polearms
  9439 | D:11     | Reached skill level 7 in Staves
  9439 | D:11     | Reached skill level 7 in Slings
  9439 | D:11     | Reached skill level 7 in Bows
  9439 | D:11     | Reached skill level 7 in Crossbows
  9439 | D:11     | Reached skill level 7 in Throwing
  9439 | D:11     | Reached skill level 7 in Stealth
  9439 | D:11     | Reached skill level 7 in Shields
  9439 | D:11     | Reached skill level 7 in Unarmed Combat
  9439 | D:11     | Reached skill level 7 in Spellcasting
  9439 | D:11     | Reached skill level 7 in Evocations
  9443 | D:11     | Killed a two-headed ogre
  9598 | D:11     | Noticed a two-headed ogre
  9608 | D:11     | Killed a two-headed ogre
  9617 | D:11     | Reached skill level 6 in Conjurations
  9617 | D:11     | Reached skill level 6 in Hexes
  9617 | D:11     | Reached skill level 6 in Charms
  9617 | D:11     | Reached skill level 6 in Summonings
  9617 | D:11     | Reached skill level 6 in Necromancy
  9617 | D:11     | Reached skill level 6 in Translocations
  9617 | D:11     | Reached skill level 6 in Transmutations
  9617 | D:11     | Reached skill level 6 in Fire Magic
  9617 | D:11     | Reached skill level 6 in Ice Magic
  9617 | D:11     | Reached skill level 6 in Air Magic
  9617 | D:11     | Reached skill level 6 in Earth Magic
  9617 | D:11     | Reached skill level 6 in Poison Magic
  9645 | D:11     | Noticed Feta's ghost (journeyman FoEE)
  9654 | D:11     | Killed Feta's ghost
  9654 | D:11     | Reached skill level 8 in Invocations
  9725 | D:11     | Found a staircase to the Orcish Mines.
 10312 | Lair:1   | Reached skill level 10 in Fighting
 10312 | Lair:1   | Reached skill level 10 in Maces & Flails
 11126 | Lair:2   | Reached skill level 9 in Armour
 11126 | Lair:2   | Reached skill level 9 in Dodging
 11237 | Lair:2   | Noticed Sonja
 11244 | Lair:2   | Killed Sonja
 11257 | Lair:2   | HP: 2/97 [spiny frog (3)]
 11258 | Lair:2   | Slain by a spiny frog

Vault maps used:
D:1:      dpeg_arrival_arbitrary_b
D:2:      lemuel_crystal_altar, lemuel_coloured_pillars_altar,
          uniq_crazy_yiuf_cottage
D:3:      grunt_dithmenos_smoke_and_mirrors, first_ration
D:4:      grunt_temple_overflow_lords_of_destruction, old_standard_altar,
          xom_butterflies, minmay_temple_entry_mist, grunt_ministairs_6,
          uniq_ijyb
D:5:      minmay_goblin_kobold_castle, nicolae_qazlal_style_of_elements,
          uniq_eustachio, uniq_menkaure, uniq_pikel
D:6:      lemuel_zombie_altar_kikubaaqudgha, kennysheep_mini_moat
D:7:      grunt_ogre_cave, minivault_11
D:8:      gammafunk_steamed_eel, ashenzari_conservatory_becter,
          nicolae_ru_sacrificial_ziggurat
D:9:      kennysheep_little_box, serial_shops, nicolae_shop_window_shopping,
          shop
D:10:     cheibrodos_frozen_isle, serial_shops, shop, shop, shop, uniq_fannar,
          uniq_joseph, uniq_psyche, uniq_nergalle
D:11:     orc_0_dummy, kennysheep_pointless_box, evilmike_butchery, uniq_snorg
Lair:1:   grunt_megastairs_2
Lair:2:   elwin_shoals_entry_rooms, uniq_sonja

Skill      XL: |  1  2  3  4  5  6  7  8  9 10 11 12 |
---------------+-------------------------------------+-----
Short Blades   | 1 2 3 4 5 6 7 |  7.6
Long Blades    | 1 2 3 4 5 6 7 |  7.6
Axes           | 1 2 3 4 5 6 7 |  7.6
Polearms       | 1 2 3 4 5 6 7 |  7.6
Staves         | 1 2 3 4 5 6 7 |  7.6
Slings         | 1 2 3 4 5 6 7 |  7.6
Bows           | 1 2 3 4 5 6 7 |  7.6
Crossbows      | 1 2 3 4 5 6 7 |  7.6
Throwing       | 1 2 3 4 5 6 7 |  7.6
Stealth        | 1 2 3 4 5 6 7 |  7.6
Shields        | 1 2 3 4 5 6 7 |  7.6
Unarmed Combat | 1 2 3 4 5 6 7 |  7.6
Spellcasting   | 1 2 3 4 5 6 7 |  7.6
Conjurations   | 1 2 3 4 5 6 |  6.3
Hexes          | 1 2 3 4 5 6 |  6.3
Charms         | 1 2 3 4 5 6 |  6.3
Summonings     | 1 2 3 4 5 6 |  6.3
Necromancy     | 1 2 3 4 5 6 |  6.3
Translocations | 1 2 3 4 5 6 |  6.3
Transmutations | 1 2 3 4 5 6 |  6.3
Fire Magic     | 1 2 3 4 5 6 |  6.3
Ice Magic      | 1 2 3 4 5 6 |  6.3
Air Magic      | 1 2 3 4 5 6 |  6.3
Earth Magic    | 1 2 3 4 5 6 |  6.3
Poison Magic   | 1 2 3 4 5 6 |  6.3
Invocations    | 1 2 3 4 5 6 7 8 |  8.4
Evocations     | 1 2 3 4 5 6 7 |  7.6
Armour         | 5 6 7 8 9 |  9.0
Dodging        | 5 6 7 8 9 |  9.0
Fighting       | 7 8 9 10 | 10.1
Maces & Flails | 7 8 9 10 | 10.1

Action                   |  1- 3 |  4- 6 |  7- 9 | 10-12 || total
-------------------------+-------+-------+-------+-------++-------
Melee: Mace              |    18 |       |       |       ||    18
       Bite              |     3 |    16 |    51 |   124 ||   194
       Trident           |    21 |   181 |   419 |   786 ||  1407
       Punch             |       |     1 |     9 |    25 ||    35
       Great sword       |       |       |       |    46 ||    46
 Fire: Shortbow          |       |       |       |    20 ||    20
Throw: Stone             |       |       |     1 |    10 ||    11
       Tomahawk          |       |       |       |     5 ||     5
Invok: Berserk           |     1 |     2 |     4 |    11 ||    18
       Trog's Hand       |       |     1 |     1 |     3 ||     5
       Burn Spellbooks   |       |       |       |     1 ||     1
Evoke: Wand              |       |       |       |    31 ||    31
  Use: Scroll            |       |     6 |     5 |     4 ||    15
       Potion            |       |       |     4 |     2 ||     6
  Eat: Chunk             |       |     4 |    12 |    29 ||    45
       Ration            |       |     1 |     1 |     1 ||     3
Armor: Animal skin       |     1 |       |       |       ||     1
       Chain mail        |     4 |    96 |   217 |   311 ||   628
Dodge: Dodged            |    18 |    96 |   290 |   474 ||   878
       Rpst.: Great sword |       |       |       |     4 ||     4

Table legend:
 A = Spawn XP
 B = Non-spawn XP
 C = Spawn XP percentage of total XP
 D = Spawn monster count
 E = Non-spawn monster count
 F = Spawn count percentage of total count
 G = Total turns spent on level
                    A         B        C        D         E        F      G
               +---------+---------+-------+---------+---------+-------+---------
         Total |       0 |   31635 |   0.0 |       0 |     343 |   0.0 | 11258
               +---------+---------+-------+---------+---------+-------+---------
           D:1 |       0 |      11 |   0.0 |       0 |       6 |   0.0 |   662
           D:2 |       0 |     262 |   0.0 |       0 |      18 |   0.0 |  1230
           D:3 |       0 |     113 |   0.0 |       0 |      24 |   0.0 |   487
           D:4 |       0 |    1033 |   0.0 |       0 |      31 |   0.0 |   684
           D:5 |       0 |    2025 |   0.0 |       0 |      73 |   0.0 |  1031
           D:6 |       0 |     847 |   0.0 |       0 |      21 |   0.0 |  1042
           D:7 |       0 |    1155 |   0.0 |       0 |      26 |   0.0 |   480
           D:8 |       0 |    2542 |   0.0 |       0 |      26 |   0.0 |  1421
           D:9 |       0 |    1513 |   0.0 |       0 |      20 |   0.0 |   952
          D:10 |       0 |    8489 |   0.0 |       0 |      52 |   0.0 |  1239
          D:11 |       0 |    8717 |   0.0 |       0 |      24 |   0.0 |   778
        Lair:1 |       0 |    3125 |   0.0 |       0 |      17 |   0.0 |  1037
        Lair:2 |       0 |    1803 |   0.0 |       0 |       5 |   0.0 |   215
               +---------+---------+-------+---------+---------+-------+---------
